Selects Italian Coastal Battlegroup
Construct Infanterie Kompanie
Construct Panzergrenadier Kompanie
Pak 40 Anti-tank Gun Team
Selects Designated Artillery Overwatch
Designated Artillery Overwatch
Nebelwerfer 42 Rocket Launcher Team
Nebelwerfer 42 Rocket Launcher Team
Selects Artillery Officer
Panzergrenadier Officer Quarters
Designated Artillery Overwatch
Construct Panzer Kompanie
Selects Obice da 210/22 Artillery Emplacement
Designated Artillery Overwatch
Designated Artillery Overwatch